 Dungeon Crawl Stone Soup version 0.24-a0-762-gca426f5 (webtiles) character file.

Game seed: 17350414200178920956, levelgen mode: deterministic

13311 BoppinsLewinski the Basher (level 11, 0/87 HPs)
             Began as a Demonspawn Gladiator on Oct 3, 2019.
             Was a High Priest of Makhleb.
             Slain by a black mamba (7 damage)
             ... on level 1 of the Lair of Beasts.
             The game lasted 00:48:10 (14063 turns).

BoppinsLewinski the Basher (Demonspawn Gladiator)  Turns: 14063, Time: 00:48:11

Health: 0/87       AC: 18    Str: 19    XL:     11   Next: 73%
Magic:  17/17      EV:  9    Int: 10    God:    Makhleb [*****.]
Gold:   601        SH:  0    Dex: 15    Spells: 10/10 levels left

rFire    . . .     SeeInvis +   L - +0 dire flail
rCold    . . .     Gourm    .   (shield currently unavailable)
rNeg     . . .     Faith    .   p - +0 plate armour
rPois    +         Spirit   .   K - +2 hat
rElec    .         Reflect  .   q - scarf {repulsion}
rCorr    .         Harm     .   g - +0 pair of gloves
MR       .....                  o - +0 pair of boots
Stlth    ..........             (no amulet)
HPRegen  0.24/turn              Q - ring of see invisible
MPRegen  0.15/turn              M - ring of poison resistance

@: repel missiles
A: talons 1, rugged brown scales 1, demonic guardian 1, powered by pain 1,
strong 1
a: Minor Destruction, Lesser Servant of Makhleb, Major Destruction, Greater
Servant of Makhleb, Renounce Religion


You were on level 1 of the Lair of Beasts.
You worshipped Makhleb.
Makhleb was extremely pleased with you.
You were very hungry.

You visited 2 branches of the dungeon, and saw 12 of its levels.

You collected 601 gold pieces.

Inventory:

Hand Weapons
 L - a +0 dire flail (weapon)
Armour
 g - a +0 pair of gloves (worn)
 j - a +1 helmet of intelligence
 o - a +0 pair of boots (worn)
 p - a +0 plate armour (worn)
 q - a scarf of repulsion (worn)
 K - a +2 hat (worn)
Jewellery
 B - an uncursed ring of protection from cold
 M - a ring of poison resistance (right hand)
 Q - a ring of see invisible (left hand)
 S - a +3 amulet of reflection {unknown}
Wands
 b - a wand of polymorph (1)
 d - a wand of disintegration (14)
 e - a wand of random effects (18)
 x - a wand of enslavement (5)
 O - a wand of digging (4)
Scrolls
 h - a scroll of fear {unknown}
 i - 3 scrolls of enchant armour {unknown}
 k - a scroll of enchant weapon {unknown}
 l - 3 scrolls of teleportation
 m - 2 scrolls of fog {unknown}
 n - 2 scrolls of noise {unknown}
 r - a scroll of immolation {unknown}
 w - 3 scrolls of remove curse
 C - a scroll of vulnerability {unknown}
 D - 2 scrolls of blinking {unknown}
 G - 2 scrolls of amnesia {unknown}
 H - 2 scrolls of random uselessness {unknown}
Potions
 a - 4 potions of lignification
 c - a potion of flight
 s - a potion of ambrosia
 t - 3 potions of curing
 u - a potion of mutation
 v - 3 potions of heal wounds
 A - a potion of might {unknown}
 I - 3 potions of haste
 P - a potion of degeneration {unknown}
Comestibles
 f - 15 rations


   Skills:
 + Level 7.7 Fighting
 * Level 9.5 Maces & Flails
   Level 3.1 Polearms
 - Level 1.7 Throwing
 + Level 6.7 Armour
 + Level 7.3 Dodging
 + Level 9.2 Invocations
 + Level 6.0 Evocations


You had 10 spell levels left.
You didn't know any spells.
Your spell library contained the following spells:

 Spells                   Type           Power        Failure   Level  Hunger
 Beastly Appendage        Tmut           #.....       100%        1    ##.....
 Corona                   Hex            #......      100%        1    ##.....
 Magic Dart               Conj           #...         100%        1    ##.....
 Ensorcelled Hibernation  Hex/Ice        #.....       100%        2    ###....
 Searing Ray              Conj           #.....       100%        2    ###....
 Sticks to Snakes         Tmut           #.......     100%        2    ###....
 Confuse                  Hex            #.......     100%        3    ####...
 Dazzling Spray           Conj/Hex       #.....       100%        3    ####...
 Spider Form              Tmut/Pois      #.........   100%        3    ####...
 Tukima's Dance           Hex            #.......     100%        3    ####...
 Force Lance              Conj/Tloc      #.......     100%        4    #####..
 Fulminant Prism          Conj/Hex       #.........   100%        4    #####..
 Ice Form                 Ice/Tmut       #.......     100%        4    #####..
 Iskenderun's Mystic Bla  Conj           #.......     100%        4    #####..
 Blade Hands              Tmut           #.........   100%        5    ######.


Dungeon Overview and Level Annotations

Branches:
Dungeon (11/15)            Temple (0/1) D:5            Lair (1/6) D:10
    Orc (0/2) D:10

Altars:
Ashenzari
Cheibriados
Fedhas
Gozag
Kikubaaqudgha
Makhleb
Okawaru
Qazlal
Ru
Trog
Vehumet
Wu Jian
Xom
Beogh

Annotations:
D:6 exclusion: downstairs
D:8 2 transporters
D:9 exclusion: orange crystal statue
Lair:1 exclusion: 2 oklob plants


Innate Abilities, Weirdness & Mutations

You are partially covered in rugged brown scales. (AC +1, +3% HP)
A weak demonic guardian rushes to your aid.
You sometimes gain a little power by taking damage.
You have sharp toenails.
Your muscles are strong. (Str +2)


Message History

* * * LOW HITPOINT WARNIN'
* * * Ye closely miss tha black mamba.
Tha black mamba be lightly wounded.
Tha black mamba bites ye but does nay damage.
Unknown command.
Ye miss tha black mamba.
Tha black mamba be lightly wounded.
Tha black mamba bites ye but does nay damage.
Tha black mamba bites ye!
* * * LOW HITPOINT WARNIN'
* * * Unknown command.
Ye miss tha black mamba.
Tha black mamba be lightly wounded.
Tha black mamba bites ye.
* * * LOW HITPOINT WARNIN'
* * * Unknown command.
Ye closely miss tha black mamba.
Tha black mamba be lightly wounded.
Tha black mamba bites ye!
Ye die...

####...### .
#........##
.......##.........##
......#............##
......#....#...... .##
.....#....#..8.## ...#
....#...####....##.. ##
....#...#......†#S#...#
...(#>.8#.#..>.5@..8.>#
........#.#(..........#
.....#....##...###....#
.....#...##..8... ...##
###)###...##....#. .##
#....#............##
##...(##.........
#..### ........# #..#
###...


You could see a black mamba and a friendly iron imp.

Vanquished Creatures
  3 death yaks
  2 two-headed ogres (D:9)
  Joseph (Lair:1)
  3 spiny frogs
  A komodo dragon (Lair:1)
  A queen bee (D:8)
  A troll (D:10)
  A hornet (D:8)
  2 hippogriffs
  A wyvern (D:9)
  A human (D:9)
  10 yaks
  A warg (D:9)
  3 water moccasins
  3 porcupines
  2 ice beasts
  A black bear (D:6)
  3 orc warriors
  A sky beast (D:6)
  A phantom (D:8)
  6 ogres
  4 centaurs
  3 crocodiles
  7 bullfrogs
  A gnoll sergeant (D:10)
  A wyvern skeleton (D:7)
  3 scorpions
  17 killer bees
  8 wights
  7 howler monkeys
  A crimson imp (D:8)
  A bullfrog zombie (D:7)
  2 hounds
  12 orc wizards
  6 orc priests
  Jessica (D:2)
  Natasha (twice) (D:4)
  2 centaur skeletons
  2 iguanas
  8 worker ants
  A hound skeleton (D:4)
  Robin (D:3)
  9 gnolls
  2 worker ant zombies
  A howler monkey skeleton (D:4)
  16 adders
  A shadow imp (D:10)
  An adder skeleton (D:7)
  A worm (D:2)
  2 dart slugs
  2 leopard geckos
  56 orcs
  3 ball pythons
  5 giant cockroaches
  17 goblins
  14 hobgoblins
  3 jackals
  4 quokkas
  5 bats
  4 frilled lizards
  9 kobolds
  A leopard gecko skeleton (D:4)
  9 rats
303 creatures vanquished.

Vanquished Creatures (collateral kills)
  A troll (D:10)
  A yak (D:9)
  A water moccasin (Lair:1)
  A sky beast (D:5)
  An ogre (D:4)
  2 killer bees (D:9)
  A crimson imp (D:2)
  A jelly (D:10)
  An orc priest (D:10)
  3 orc wizards
  A hell rat (D:10)
  A worker ant zombie (D:9)
  A gnoll (D:2)
  2 orcs (D:10)
  A goblin (D:2)
  2 jackals (D:10)
  A quokka (D:2)
22 creatures vanquished.

Vanquished Creatures (others)
  A gnoll (D:10)
  2 orcs (D:10)
  A plant (Lair:1)
4 creatures vanquished.

Grand Total: 329 creatures vanquished

Notes
Turn   | Place    | Note
-------+----------+-------------------------------------------
     0 | D:1      | BoppinsLewinski the Demonspawn Gladiator began the quest
                  | for the Orb.
     0 | D:1      | Reached XP level 1. HP: 16/16 MP: 1/1
   367 | D:1      | Gained mutation: A weak demonic guardian rushes to your
                  | aid. [demonic ancestry]
   367 | D:1      | Reached XP level 2. HP: 21/22 MP: 2/2
  1232 | D:2      | Reached XP level 3. HP: 27/28 MP: 3/3
  1264 | D:2      | Reached skill level 1 in Armour
  1337 | D:2      | Reached skill level 1 in Maces & Flails
  1377 | D:2      | Reached XP level 4. HP: 30/34 MP: 4/4
  1803 | D:2      | Noticed Jessica
  1808 | D:2      | Killed Jessica
  1898 | D:2      | Found a burning altar of Makhleb.
  1906 | D:2      | Gained mutation: You sometimes gain a little power by
                  | taking damage. [demonic ancestry]
  1906 | D:2      | Reached XP level 5. HP: 40/40 MP: 5/5
  1911 | D:2      | Became a worshipper of Makhleb the Destroyer
  2208 | D:3      | Noticed Robin
  2252 | D:3      | Killed Robin
  2252 | D:3      | Reached skill level 1 in Invocations
  2313 | D:3      | Reached * piety under Makhleb
  2837 | D:3      | Found a shimmering altar of Xom.
  2930 | D:4      | Gained mutation: You are partially covered in rugged brown
                  | scales. (AC +1, +3% HP) [demonic ancestry]
  2930 | D:4      | Reached XP level 6. HP: 41/48 MP: 7/7
  3099 | D:4      | Found a bloodstained altar of Trog.
  3464 | D:4      | Reached XP level 7. HP: 53/53 MP: 8/8
  3478 | D:4      | Reached ** piety under Makhleb
  3498 | D:4      | Noticed Natasha
  3506 | D:4      | Killed Natasha
  3966 | D:4      | Got a fine golden ring
  4348 | D:4      | Noticed Natasha
  4355 | D:4      | Killed Natasha
  4385 | D:4      | Identified the ring "Nenloxue" {Int+2 Stlth-} (You found it
                  | on level 4 of the Dungeon)
  4411 | D:5      | Entered Level 5 of the Dungeon
  4608 | D:5      | You fall into a shaft and drop 3 floors!
  4615 | D:8      | Found a transporter.
  4616 | D:8      | Found a transporter.
  4638 | D:8      | Found an ancient bone altar of Kikubaaqudgha.
  4729 | D:8      | Reached XP level 8. HP: 61/61 MP: 10/10
  4949 | D:5      | Found a staircase to the Ecumenical Temple.
  4955 | D:5      | Reached skill level 5 in Maces & Flails
  5596 | D:6      | Found a snail-covered altar of Cheibriados.
  5725 | D:6      | Found a sacrificial altar of Ru.
  5794 | D:6      | Reached skill level 1 in Evocations
  6030 | D:6      | Reached skill level 5 in Invocations
  6110 | D:6      | Reached skill level 5 in Dodging
  6192 | D:6      | Reached skill level 5 in Fighting
  6361 | D:6      | Found a shattered altar of Ashenzari.
  6507 | D:6      | Reached *** piety under Makhleb
  6695 | D:6      | Reached XP level 9. HP: 70/70 MP: 11/13
  6739 | D:7      | Found an iron altar of Okawaru.
  6743 | D:7      | Found an opulent altar of Gozag.
  7082 | D:7      | Found a bloodstained altar of Trog.
  7714 | D:8      | Found a stormy altar of Qazlal.
  7830 | D:8      | Found a blossoming altar of Fedhas.
  8139 | D:8      | Reached **** piety under Makhleb
  8148 | D:8      | Found a roughly hewn altar of Beogh.
  8337 | D:8      | Identified the amulet "Luecium" {RegenMP rElec rPois Dex+2}
  8390 | D:8      | Found a roughly hewn altar of Beogh.
  8451 | D:9      | Noticed a queen bee
  8587 | D:8      | Killed a queen bee
  8783 | D:9      | Reached skill level 5 in Armour
  8787 | D:9      | Reached XP level 10. HP: 63/78 MP: 15/15
  8789 | D:9      | Noticed a two-headed ogre
  8795 | D:9      | Killed a two-headed ogre
  9065 | D:9      | Noticed an orange crystal statue
  9202 | D:9      | Noticed a two-headed ogre
  9209 | D:9      | Killed a two-headed ogre
 10348 | D:9      | Found an ornate altar of the Wu Jian Council.
 10350 | D:9      | Found a radiant altar of Vehumet.
 10649 | D:10     | Entered Level 10 of the Dungeon
 10664 | D:10     | Gained mutation: You have sharp toenails. [potion of
                  | mutation]
 10664 | D:10     | Gained mutation: Your muscles are strong. (Str +2) [potion
                  | of mutation]
 11649 | D:10     | Found a staircase to the Orcish Mines.
 11686 | D:10     | Reached XP level 11. HP: 77/86 MP: 17/17
 11754 | D:10     | Reached skill level 5 in Evocations
 11846 | D:10     | Reached ***** piety under Makhleb
 12274 | D:10     | Noticed a death yak
 12274 | D:10     | Noticed a death yak
 12275 | D:10     | Noticed a death yak
 12616 | D:9      | Killed a death yak
 12853 | D:10     | Found a staircase to the Lair.
 12871 | D:10     | Killed a death yak
 12876 | D:10     | Killed a death yak
 12964 | Lair:1   | Entered Level 1 of the Lair of Beasts
 13378 | Lair:1   | Noticed an oklob plant
 13378 | Lair:1   | Noticed an oklob plant
 13718 | Lair:1   | Noticed Joseph
 13738 | Lair:1   | Killed Joseph
 14063 | Lair:1   | Slain by a black mamba

Levels and vault maps discovered:
D:1:      scummos_arrival_star, layout_basic
D:2:      layout_rooms, makhleb_grotto_becter, kennysheep_jessica_study
D:3:      layout_basic, marbit_many_paths, feat_on_display, uniq_robin
D:4:      layout_basic, bloody_trog, dk_vineyard_3, kennysheep_generic_room_7,
          uniq_natasha
D:5:      layout_loops_cross, minmay_temple_entry_arrows, first_ration,
          roderic_roman_lattice
D:6:      layout_basic, cheibrodos_ashenzari_chains,
          nicolae_ru_great_annihilating_truth, basic_altar
D:7:      layout_rooms, grunt_gozag_statues, okawaru_metal_pillars_3,
          trog_three_pillars_becter
D:8:      gammafunk_beogh_shrine, layout_basic, kiku_gazebo_pond_becter,
          nicolae_qazlal_style_of_elements, fedhas_altar_4, special_room
          [special_room_orc]
D:9:      layout_loops_ring, nicolae_overflow_hidden_temple, david_nohive_1,
          minivault_16, dk_noncrumbling_3
D:10:     layout_big_octagon, dpeg_lair_monsters, erik_orc_4, kennysheep_doodads
D:11:     layout_stronghold, uniq_gastronok
Lair:1:   layout_chaotic_city, minivault_23, serial_bayou_shore_b,
          grunt_megastairs_5, minmay_lair_oklob_chamber, uniq_joseph

Skill      XL: |  1  2  3  4  5  6  7  8  9 10 11 |
---------------+----------------------------------+-----
Polearms       | 3 |  3.1
Dodging        | 3 4 5 6 7 |  7.3
Armour         | 1 2 3 4 5 6 |  6.7
Maces & Flails | 1 2 3 4 5 7 8 9 |  9.5
Fighting       | 3 4 5 6 7 |  7.7
Invocations    | 1 2 3 5 6 8 9 |  9.2
Evocations     | 2 3 4 6 |  6.0
Throwing       | |  1.7

Action                   |  1- 3 |  4- 6 |  7- 9 | 10-12 || total
-------------------------+-------+-------+-------+-------++-------
Melee: Trident           |    69 |       |       |       ||    69
       Whip              |    47 |    77 |       |       ||   124
       Mace              |       |    84 |   403 |    24 ||   511
       Flail             |       |    19 |       |       ||    19
       Dire flail        |       |       |       |   526 ||   526
       Kick              |       |       |       |    43 ||    43
Throw: Throwing net      |     3 |     4 |       |     6 ||    13
Invok: Lesser Servant of |       |       |       |     2 ||     2
       Major Destruction |       |       |       |     2 ||     2
Evoke: Wand              |       |     1 |    22 |    29 ||    52
  Use: Potion            |       |     5 |     6 |    12 ||    23
       Scroll            |       |       |     5 |     5 ||    10
 Stab: Invisible         |       |     3 |     1 |     2 ||     6
       Distracted        |       |       |       |     8 ||     8
       Held in net/web   |       |       |       |     1 ||     1
  Eat: Chunk             |     2 |     5 |    13 |     5 ||    25
       Ration            |       |       |     2 |     3 ||     5
Armor: Leather armour    |     8 |       |       |       ||     8
       Ring mail         |    23 |    41 |       |       ||    64
       Chain mail        |       |    16 |   296 |    95 ||   407
       Plate armour      |       |       |       |   200 ||   200
Dodge: Dodged            |    67 |    91 |   333 |   290 ||   781
       Deflected         |     1 |     1 |     7 |     9 ||    18

Table legend:
 A = Non-vault XP
 B = Vault XP
 C = Vault XP percentage of total XP
 D = Non-vault monster count
 E = Vault monster count
 F = Vault count percentage of total count
                 A         B        C        D         E       F
            +---------+---------+-------+---------+---------+-------
      Total |   13912 |    5104 |  26.8 |     242 |      83 |  25.5
            +---------+---------+-------+---------+---------+-------
        D:1 |      39 |       0 |   0.0 |      28 |       0 |   0.0
        D:2 |     101 |      77 |  43.3 |      18 |       3 |  14.3
        D:3 |     116 |      40 |  25.6 |      19 |      14 |  42.4
        D:4 |     699 |      88 |  11.2 |      27 |       4 |  12.9
        D:5 |     387 |       0 |   0.0 |      10 |       0 |   0.0
        D:6 |    1226 |      40 |   3.2 |      20 |       4 |  16.7
        D:7 |     868 |       0 |   0.0 |      19 |       0 |   0.0
        D:8 |     691 |     686 |  49.8 |      11 |      26 |  70.3
        D:9 |    4055 |    1680 |  29.3 |      36 |      14 |  28.0
       D:10 |    3715 |    1990 |  34.9 |      44 |      16 |  26.7
     Lair:1 |    2015 |     503 |  20.0 |      10 |       2 |  16.7
            +---------+---------+-------+---------+---------+-------
